Match 47092737
Unlisted

Match 47092737
End
Pioneer Squad
Construct Infanterie Kompanie
Selects Luftwaffe Battlegroup
Selects Luftwaffe Pioneer Support
Fallschirmpioneer Squad Paradrop
Construct Infanterie Kompanie
Grenadier Squad
Grenadier Squad
Medical Station
Construct Luftwaffe Kompanie
Flak 30 Anti-aircraft Gun Team
Flak 30 Anti-aircraft Gun Team
Support Elements
Wirbelwind Flakpanzer
Selects Stuka Strafing Run
Stuka Strafing Run
Selects Fallschirmjäger Squad Paradrop
Selects Fragmentation Bombs
Selects LG40 Recoilless Gun Paradrop
Construct Panzer Kompanie
Medical Bunker
Construct Panzergrenadier Kompanie
Pak 40 Anti-tank Gun Team
Pak 40 Anti-tank Gun Team
Stoßtruppen Squad
Fragmentation Bombs
Panzer IV Medium Tank
Selects Infantry Reserves
Pak 40 Anti-tank Gun Team
FeriG
Jesulin
0
0

Comments sign in to comment!

No comments posted yet!